 Dungeon Crawl Stone Soup version 0.27.1 (webtiles) character file.

Game seed: 17291872897069372464

31 Urokeeper the Sneak (level 3, -6/27 HPs)
             Began as a Demonspawn Brigand on Aug 31, 2021.
             Killed by an exploding orc (33 damage)
             ... ignited by their inner flame
             ... on level 3 of the Dungeon.
             The game lasted 00:07:46 (2331 turns).

Urokeeper the Sneak (Demonspawn Brigand)            Turns: 2331, Time: 00:07:47

Health: -6/27      AC: 10    Str: 11    XL:     3   Next: 7%
Magic:  3/3        EV:  5    Int: 12    God:
Gold:   54         SH:  5    Dex: 15    Spells: 2/2 levels left

rFire    . . .     SeeInvis .   a - +2 dagger
rCold    + . .     Faith    .   (no shield)
rNeg     . . .     Spirit   .   o - +0 chain mail
rPois    .         Reflect  +   (helmet restricted)
rElec    .         Harm     .   c - +0 cloak
rCorr    +         Rampage  .   x - +0 pair of gloves
Will     .....                  (no boots)
Stlth    ..........             i - amulet of reflection
HPRegen  0.09/turn              y - ring of resist corrosion
MPRegen  0.08/turn              A - ring of protection from cold

@: no status effects
A: horns 1, powered by pain 1
a: no special abilities


You were on level 3 of the Dungeon.
You visited 1 branch of the dungeon, and saw 3 of its levels.

You collected 54 gold pieces.

Inventory:

Hand Weapons
 a - a +2 dagger (weapon)
Missiles
 d - 21 poisoned darts
 e - a curare-tipped dart (quivered)
 l - 25 bolts
 p - 39 sling bullets
Armour
 b - a +0 robe
 c - a +0 cloak (worn)
 j - a +0 ring mail
 o - a +0 chain mail (worn)
 x - a +0 pair of gloves (worn)
Jewellery
 i - an amulet of reflection (around neck)
 y - a ring of resist corrosion (left hand)
 A - a ring of protection from cold (right hand)
Wands
 m - a wand of mindburst (8)
Scrolls
 g - a scroll of blinking {unknown}
 h - a scroll of enchant weapon {unknown}
 r - a scroll of magic mapping
 t - a scroll of amnesia
 u - 2 scrolls of teleportation {unknown}
 v - a scroll of enchant armour {unknown}
Potions
 f - a potion of brilliance {unknown}
 n - a potion of mutation {unknown}
 q - a potion of lignification {unknown}
 s - a potion of curing {unknown}
 w - 2 potions of flight {unknown}
 z - a potion of ambrosia {unknown}


   Skills:
 + Level 2.1 Fighting
 + Level 1.9 Short Blades
 + Level 1.9 Throwing
 + Level 1.0 Dodging
 + Level 4.4 Stealth


You had 2 spell levels left.
You didn't know any spells.
Your spell library contained the following spells:

 Spells                   Type           Power      Damage    Failure   Level
 Dispersal                Tloc           0%         N/A       100%        6
 Disjunction              Tloc           0%         N/A       100%        8


Dungeon Overview and Level Annotations

Branches:
Dungeon (3/15)

Altars:


Innate Abilities, Weirdness & Mutations

You have a pair of small horns on your head.
You sometimes gain a little power by taking damage.


Message History

You hear the slow rusting of a very distant drain.
HP restored.
Found 10 sling bullets.
p - 39 sling bullets (gained 10)
You open the door.
There is an open door here.
An orc comes into view. It is wielding a +0 morningstar.
An orc is nearby! 3 orcs come into view.
The orc shouts! x2
The orc barely misses you.
You hit the orc. You headbutt the orc, but do no damage.
The orc is moderately wounded.
An endoplasm comes into view.
The orc hits you but does no damage.
Your chain mail prevents you from hitting the orc.
The orc is moderately wounded.
The endoplasm quivers.
The orc hits you but does no damage.
A rat comes into view.
You barely miss the orc. Your headbutt misses the orc.
The orc is moderately wounded.
The orc hits you with a +0 whip.
You closely miss the orc. Your headbutt misses the orc.
The orc is moderately wounded.
As you read the scroll of immolation, it crumbles to dust.
The creatures around you are filled with an inner flame!
You hear the slow rusting of a very distant drain.
The orc barely misses you.
Unknown command.
Throw: 2 darts (curare)
Press: ? - help, Q - select action, (/) - cycle Shift-Dir - straight line, f - orc
Aim: an orc, wielding a +0 whip and quivering boomerangs (moderately wounded, inner flame, 57% to hit)
You throw a curare-tipped dart. The curare-tipped dart hits the orc.
The orc is poisoned.
The orc convulses.
The orc explodes!
The fiery explosion engulfs the orc!!
The fiery explosion engulfs you!!
Ouch! That really hurt!
You die...

#.....#
#...#.....######
#...###........#
#o.. #........#
#... #........#
#.o. #........#
#.#... ###'######
##....o#####.#
.....ro)ยง@...#####
....##.###.......#
# #.....#####.#
#######


You could see 2 orcs and a rat (inner flame).

Vanquished Creatures
  An adder (D:2)
  A worm (D:2)
  A dart slug (D:1)
  2 orcs (D:3)
  3 ball pythons (D:2)
  An endoplasm (D:2)
  A giant cockroach (D:2)
  3 hobgoblins
  2 jackals (D:2)
  A frilled lizard (D:1)
  A kobold (D:2)
  A rat (D:2)
18 creatures vanquished.

Notes
Turn   | Place    | Note
-------+----------+-------------------------------------------
     0 | D:1      | Urokeeper the Demonspawn Brigand began the quest for the
                  | Orb.
     0 | D:1      | Reached XP level 1. HP: 16/16 MP: 1/1
   589 | D:2      | Reached skill level 4 in Stealth
   589 | D:2      | Gained mutation: You sometimes gain a little power by
                  | taking damage. [demonic ancestry]
   589 | D:2      | Reached XP level 2. HP: 5/22 MP: 2/2
   849 | D:2      | HP: 1/22 [poisoned by an adder]
  1264 | D:2      | Reached skill level 1 in Dodging
  1758 | D:2      | Gained mutation: You have a pair of small horns on your
                  | head. [demonic ancestry]
  1758 | D:2      | Reached XP level 3. HP: 22/27 MP: 3/3
  2331 | D:3      | Killed by an exploding orc... ignited by their inner flame

Illustrated notes

Levels and vault maps discovered:
D:1:      mrwooster_arrival_statue, layout_rooms
D:2:      layout_loops_corners
D:3:      cheibrodos_fertilizer, layout_basic, grunt_temple_overflow_open,
          lightli_sewer_entry_pipes,
          dreamdust_ecumenical_altar_hidden_monk_grotto, roderic_batcave,
          minivault_26, amcnicky_altar_lugonu_corruption, uniq_grinder,
          uniq_ijyb

Skill      XL: |  1  2 |
---------------+-------+-----
Stealth        | 4 |  4.4
Dodging        | 1 |  1.0
Fighting       | |  2.1
Short Blades   | |  1.9
Throwing       | |  1.9

Action                   || total
-------------------------++-------
Melee: Dagger            ||    70
       Headbutt          ||     2
Throw: Dart              ||     7
  Use: Scroll            ||     4
Armor: Chain mail        ||    31
Dodge: Dodged            ||    12
Block: Other             ||     6
